[Event "Early-Titled-Tuesday-Blitz-June-18-2024"]
[Site "Chess.com"]
[Date "2024.06.18"]
[Round "3"]
[White "NM_Antelacus"]
[Black "Orest_Vovk"]
[Result "0-1"]
[WhiteElo "2305"]
[BlackElo "2567"]
[TimeControl "180+1"]
[EndTime "8:30:45 PDT"]
[Termination "Orest_Vovk won by resignation"]

1. e4 Nc6 2. d4 e5 3. d5 Nce7 4.
Nf3 Ng6 5. h4 h5 6. Bg5 Nf6 7.
g3 Bc5 8. Bh3 d6 9. Bxc8 Qxc8 10. Qe2 Ng4 11. Rf1 O-O 12. Nc3 f5 13. O-O-O Bb4 14.
Bd2 Bxc3 15. Bxc3 fxe4 16. Qxe4 Qf5 17. Ng5 Qxe4 18. Nxe4 Rf3 19. Be1 Raf8 20. Rd2 Ne7 21. c4 Nf5 22. Rg1 Nd4 23. Kd1 a5 24. Rg2 a4 25. c5 a3 26. b3 dxc5 27. Nxc5 Nf6 28. Ne6 Nxe6 29. dxe6 Ne4 30. Rd7 Re8 31. e7 Rf7 32. Rxc7 Rfxe7 33. Rxe7 Rxe7 34. f3 Rd7+ 35. Kc1 Nd6 36. Rd2 Kf7 37. Bf2 Ke6 38. Bc5 Nf5 39. Rxd7 Kxd7 40. g4 hxg4 41. fxg4 Nxh4 42. Bxa3 Nf3 43.
Kd1 g6 44. Ke2 Nh2 45. g5 Ke6 46. Bc1 e4 47. Ke3 Ke5 48. Bb2+ Kf5 49. Bf6 Ng4+ 50. Kd4 Nxf6 51. gxf6 Kxf6 52. Kxe4 Ke6 53. a4 Kd6 54. b4 g5 55. Kf5 Kd5 56. Kxg5 Kc4 57. b5 Kb4 58. Kf4 Kxa4 59. b6 Kb5 60. Ke4 Kxb6 61. Kd4 Kb5 62. Kc3 Ka4 63. Kb2 Kb4 64. Kc2 Ka3 65. Kb1 b5 66. Ka1 b4 67.
Kb1 Kb3 68. Kc1 Ka2 69. Kc2 b3+ 0-1

[Event "Early-Titled-Tuesday-Blitz-June-18-2024"]
[Site "Chess.com"]
[Date "2024.06.18"]
[Round "3"]
[White "Journey_to_GrandMaster_YT"]
[Black "amylazy"]
[Result "0-1"]
[WhiteElo "2636"]
[BlackElo "2469"]
[TimeControl "180+1"]
[EndTime "8:30:46 PDT"]
[Termination "amylazy won by checkmate"]

1. d4 Nf6 2. Nf3 g6 3. g3 Bg7 4. Bg2 O-O 5. O-O d5 6. c3 c6 7.
a4 Bf5 8. Qb3 Qc8 9. a5 Ne4 10.
Nbd2 Nxd2 11. Nxd2 Nd7 12. e4 dxe4 13. Nxe4 Be6 14.
Qb4 Re8 15. Bg5 Nf6 16. Nc5 Bd5 17. Qxb7 Qf5 18. Bxf6 Bxg2 19. Kxg2 Qd5+ 20. f3 exf6 21. Qb3 Qxb3 22. Nxb3 Rab8 23. Nc5 Rxb2+ 24. Rf2 Ree2 25. Rf1 Bf8 26. Nd3 Rxf2+ 27. Rxf2 Rb3 28. Rc2 Ra3 29. Nb4 c5 30. Nc6 c4 31. Kf2 a6 32. Ke3 f5 33.
Kd2 Ra1 34. Rb2 Rh1 35. Rb6 Rxh2+ 36. Kd1 f4 37. gxf4 h5 38. Rxa6 h4 39. Ne5 h3 40.
Ng4 Rg2 41. Rb6 Rxg4 42. fxg4 h2 43. a6 h1=Q+ 44. Kc2 Qa1 45. Rc6 Qa4+ 46. Kd2 Qxc6 47. a7 Qa8 48. Ke3 Qxa7 49. Ke4 Qe7+ 50. Kf3 Qe6 51.
g5 Qd5+ 52. Ke3 Bd6 53. Kf2 Bxf4 54. Ke2 Bxg5 55. Ke1 Bf6 56. Kd1 Bxd4 57. cxd4 Qxd4+ 58. Kc2 Qd3+ 59. Kb2 Qb3+ 60. Ka1 Qb4 61. Ka2 c3 62. Ka1 Qb2# 0-1

[Event "Early-Titled-Tuesday-Blitz-June-18-2024"]
[Site "Chess.com"]
[Date "2024.06.18"]
[Round "3"]
[White "SahibSinghKnight"]
[Black "pinelone"]
[Result "1-0"]
[WhiteElo "2685"]
[BlackElo "2480"]
[TimeControl "180+1"]
[EndTime "8:30:47 PDT"]
[Termination "SahibSinghKnight won by resignation"]

1. e4 c6 2. Nc3 d5 3. Nf3 dxe4 4. Nxe4 Nf6 5. Qe2 Nxe4 6. Qxe4 Be6 7. Bc4 Bd5 8. Qe2 Bxc4 9. Qxc4 e6 10. d4 Be7 11.
O-O O-O 12. Re1 Nd7 13. a4 a5 14. c3 Qb6 15. Be3 Qa6 16. Qb3 Rfd8 17. Qc2 Nf6 18.
Bg5 h6 19. Bh4 Nd5 20. Bxe7 Nxe7 21. Ne5 Qb6 22. Re3 Nd5 23. Rf3 Nf6 24. Nd3 Qc7 25. Re1 b6 26. Rg3 c5 27. dxc5 bxc5 28. Qc1 Kf8 29. Ne5 Rd5 30. Qf4 Rc8 31. Rf3 c4 32. g4 Kg8 33. g5 hxg5 34. Qxg5 Nh7 35. Qg3 f6 36. Ng6 Qxg3+ 37. hxg3 Kf7 38. Nf4 Rd6 39.
Rfe3 Ng5 40. Ne2 e5 41. f4 exf4 42. Nxf4 Rc7 43. R1e2 Rb6 44. Nd5 Rbc6 45. Nxc7 Rxc7 46. Kg2 Rb7 47. Rd2 Rc7 48. Rd4 Rb7 49. Re2 Rc7 50. Kf2 Ne6 51. Rd6 Ng5 52. Rb6 Rd7 53. Rb5 Kg6 54.
Rxa5 Rd3 55. Rc5 Rf3+ 56. Kg2 Rd3 57. Rxc4 Nf7 58. a5 Ne5 59. Ra4 Rd7 60. a6 Ra7 61. b4 Nc4 62. b5 Nb6 63. Ra1 Kf7 64. Rd1 Rb7 65. axb7 Nc4 66. b8=Q Nd6 67. Rxd6 1-0

[Event "Early-Titled-Tuesday-Blitz-June-18-2024"]
[Site "Chess.com"]
[Date "2024.06.18"]
[Round "3"]
[White "blitzking1729"]
[Black "AlbusSevresPotter"]
[Result "1/2-1/2"]
[WhiteElo "2824"]
[BlackElo "2601"]
[TimeControl "180+1"]
[EndTime "8:30:48 PDT"]
[Termination "Game drawn by repetition"]

1. c4 e5 2. Nc3 Nf6 3. Nf3 Nc6 4. d3 Bb4 5. Bd2 d6 6. e3 Qe7 7. Be2 O-O 8. O-O e4 9. dxe4 Bxc3 10. Bxc3 Nxe4 11. Be1 Bf5 12. Nd4 Bg6 13. Rc1 Qf6 14. f3 Nxd4 15. Qxd4 Qxd4 16. exd4 Nf6 17. Kf2 Rfe8 18. Bd2 Re7 19. Rfe1 Rae8 20. h4 h6 21. Rc3 Nd7 22. Ra3 a6 23. Rb3 b6 24. Re3 c5 25.
dxc5 Nxc5 26. Rxe7 Rxe7 27. b3 Bd3 28. b4 Rxe2+ 29.
Rxe2 Bxe2 30. Kxe2 Nd7 31. Kd3 Kf8 32. a4 Ke7 33.
Bc3 g6 34. g4 h5 35. Ke4 Ke6 36. g5 Nb8 37. Bd4 Nc6 38. Bc3 a5 39. b5 Ne7 40.
Bd4 d5+ 41. Kd3 dxc4+ 42. Kxc4 Nd5 43. f4 Kd6 44. Bf2 Ke6 45. Bg1 Kd6 46. Bd4 Ke6 47. Be5 Ne3+ 48. Kd4 Nf5+ 49. Ke4 Nd6+ 50. Bxd6 Kxd6 51.
f5 Kd7 52. Ke5 Ke7 53. f6+ Kd7 54. Kd5 Kc7 55. Ke5 Kd7 56. Kd5 Kc7 57. Ke5 Kd7 1/2-1/2

[Event "Early-Titled-Tuesday-Blitz-June-18-2024"]
[Site "Chess.com"]
[Date "2024.06.18"]
[Round "3"]
[White "Onischuk_V"]
[Black "Herzog2012"]
[Result "0-1"]
[WhiteElo "2820"]
[BlackElo "2614"]
[TimeControl "180+1"]
[EndTime "8:30:50 PDT"]
[Termination "Herzog2012 won by resignation"]

1. e4 c5 2. Nf3 d6 3. d4 cxd4 4. Nxd4 Nf6 5. Nc3 Nc6 6. g3 e5 7.
Nde2 Be7 8. Bg2 O-O 9. O-O Be6 10. h3 Rc8 11. f4 exf4 12. gxf4 Qb6+ 13. Kh2 Rfd8 14.
a3 Bc4 15. b3 Ba6 16. Bb2 Qc5 17. Qe1 Qh5 18. Qg3 Bxe2 19. Nxe2 Qxe2 20. Rf2 Qh5 21. Rg1 g6 22. Rgf1 d5 23. exd5 Nxd5 24. Rd2 Bh4 25. Qf3 Qxf3 26. Rxf3 Nde7 27. Rfd3 Rxd3 28. Rxd3 Rd8 29.
Rxd8+ Nxd8 30. Be4 Ndc6 31. Kg2 Nf5 32. Kf3 Kf8 33. b4 Ke7 34. c4 Bf6 35. Bc1 Ncd4+ 36.
Kg2 b6 37. Bd3 Nb3 38. Bxf5 gxf5 39. Be3 Bd4 40. Kf3 Kd6 41. Ke2 Bb2 42. Kd3 Bxa3 43. Kc2 Bxb4 44. Kxb3 Bc5 45. Bd2 Kc6 46. Ka4 a6 47.
Kb3 b5 48. Bc1 Bd6 49. Be3 a5 50. cxb5+ Kxb5 51. Bc1 a4+ 52. Kc3 Bc5 53. Kd3 Bd6 54.
Kc3 Kc6 55. Kc4 Bc5 56. Bd2 Bd6 57. Bc1 a3 58. Bd2 a2 59. Bc3 Bxf4 60. Kb3 Kd5 61. Kxa2 Be5 62. Be1 Ke4 63. Kb3 Kd3 64. Ba5 f4 0-1

[Event "Early-Titled-Tuesday-Blitz-June-18-2024"]
[Site "Chess.com"]
[Date "2024.06.18"]
[Round "3"]
[White "chess123456s"]
[Black "banjadvorovi"]
[Result "0-1"]
[WhiteElo "2609"]
[BlackElo "2428"]
[TimeControl "180+1"]
[EndTime "8:30:51 PDT"]
[Termination "banjadvorovi won by checkmate"]

1. d4 Nf6 2. Nf3 e6 3. Bf4 d5 4. e3 c5 5. c3 Nc6 6. Nbd2 Bd6 7. Bg3 b6 8. Bd3 Qc7 9. e4 dxe4 10. Nxe4 Nxe4 11.
Bxe4 Bb7 12. dxc5 Bxg3 13. hxg3 bxc5 14. Qa4 f5 15. Bc2 O-O-O 16. O-O g6 17. Rfe1 e5 18. Ng5 Qe7 19. Nf3 e4 20. Bb3 Qf6 21. Nh2 Rhe8 22. Nf1 Ne5 23. Qb5 Qc6 24. Qxc6+ Bxc6 25. Ne3 Nd3 26.
Re2 Bb5 27. Rd1 Rd6 28. Nc4 Bxc4 29. Bxc4 Red8 30. Red2 Kc7 31. Kf1 Nxb2 32. Rxd6 Rxd6 33. Rxd6 Kxd6 34. Bg8 h6 35. Bh7 g5 36. Bxf5 Ke5 37.
Bh7 Nd1 38. Ke1 Nxc3 39. a3 Kd4 40. f4 exf3 41. gxf3 a5 42. Bc2 Nb5 43. a4 Nd6 44. Kd2 Nc4+ 45. Ke2 Kc3 46. Bf5 Kb3 47. Be6 Kb4 48.
f4 gxf4 49. gxf4 Nd6 50. f5 Kxa4 51. f6 Kb4 52. Kd3 c4+ 53. Kc2 a4 54. Kb2 h5 55.
Kc2 h4 56. Kb2 a3+ 57. Kc2 c3 58. Kd3 h3 59. Bxh3 a2 60. Kd4 a1=Q 61. Kd5 Qd1+ 62. Ke6 c2 63. Bg4 c1=Q 64. Bxd1 Qxd1 65. Ke7 Qd4 66.
Ke6 Kc5 67. Ke7 Qd5 68. Kd7 Qf7+ 69. Kd8 Qxf6+ 70. Kc7 Qe7+ 71. Kb8 Qb7# 0-1

[Event "Early-Titled-Tuesday-Blitz-June-18-2024"]
[Site "Chess.com"]
[Date "2024.06.18"]
[Round "3"]
[White "Eagle_2019"]
[Black "HATilay"]
[Result "1-0"]
[WhiteElo "2859"]
[BlackElo "2632"]
[TimeControl "180+1"]
[EndTime "8:30:52 PDT"]
[Termination "Eagle_2019 won by resignation"]

1. c4 e5 2. Nc3 Bb4 3. Nd5 Be7 4. d4 d6 5. e4 Nf6 6. Nxe7 Qxe7 7. f3 exd4 8. Qxd4 Nc6 9. Qc3 h6 10. Ne2 O-O 11. Be3 Ne5 12. Nf4 a6 13. Nd5 Nxd5 14. cxd5 c5 15. dxc6 bxc6 16. Be2 f5 17. exf5 Bxf5 18.
O-O Rae8 19. Bd4 a5 20. f4 c5 21. Bxe5 dxe5 22. Bc4+ Kh8 23. fxe5 Qxe5 24. Qxe5 Rxe5 25. Rf2 Rfe8 26. Raf1 Be4 27. h4 Bd5 28. Rf8+ Rxf8 29. Rxf8+ Kh7 30. Bd3+ Be4 31. Bf1 Rd5 32. Rf4 Bd3 33.
Ra4 Bxf1 34. Kxf1 Rd2 35. b3 Rc2 36. Rxa5 c4 37. bxc4 Rxc4 38. h5 Rc2 39. a4 Kg8 40. Ra7 Ra2 41. Kg1 Kf8 42. Kh2 Ra3 43. g3 Kg8 44. Kh3 Kf8 45. Kg4 Kg8 46. a5 Ra2 47.
a6 Ra3 48. Kf4 Kh7 49. Ra8 Ra4+ 50. Kf3 Ra3+ 51. Kf2 Ra5 52. g4 Ra1 53. Ke2 Ra4 54. Kf3 Ra3+ 55. Ke4 Ra4+ 56. Kf5 Ra5+ 57. Ke6 Ra4 58. Kd7 Rxg4 59. Rc8 Ra4 60. Rc6 g5 61. hxg6+ Kg7 62. Kc7 h5 63. Kb7 h4 64. a7 h3 65.
a8=Q Rxa8 66. Kxa8 1-0

[Event "Early-Titled-Tuesday-Blitz-June-18-2024"]
[Site "Chess.com"]
[Date "2024.06.18"]
[Round "3"]
[White "RebelJohnny"]
[Black "gpsji27"]
[Result "1-0"]
[WhiteElo "2584"]
[BlackElo "2320"]
[TimeControl "180+1"]
[EndTime "8:30:53 PDT"]
[Termination "RebelJohnny won by resignation"]

1. e4 e5 2. Nf3 Nc6 3. Nc3 Nf6 4. d4 exd4 5. Nxd4 Bb4 6. Nxc6 bxc6 7. Bd3 d5 8. exd5 O-O 9. O-O cxd5 10. h3 c6 11. Qf3 h6 12. Bf4 Be6 13. Ne2 Bd6 14. Rfe1 Rb8 15. b3 Re8 16. Rad1 c5 17. c4 d4 18. Ng3 Bxf4 19. Qxf4 Qa5 20. Re2 Bd7 21. Rdd2 Qc3 22. Kh2 Rbc8 23. Bf5 Bxf5 24. Nxf5 d3 25. Rxe8+ Rxe8 26. Qg3 Ne4 27. Nxh6+ Kh7 28. Rxd3 Nxg3 29.
Rxc3 Ne2 30. Rf3 gxh6 31. Rxf7+ Kg6 32. Rxa7 Nc3 33. Rc7 Re5 34. Kg3 Nxa2 35. f4 Re3+ 36.
Kg4 h5+ 37. Kh4 Rxb3 38. Rc6+ Kf5 39. g3 Nb4 40. Rxc5+ Ke4 41. Rb5 Kd4 42. Rxh5 Kxc4 43. g4 Nd5 44. Rf5 Rf3 45. Rf8 Nxf4 46. Rc8+ Kd4 47. g5 Nxh3 48. g6 Nf2 49. g7 Rh3+ 50. Kg5 Rg3+ 51. Kf6 Ne4+ 52. Ke6 Ng5+ 53. Ke7 Ne4 54.
g8=Q Rxg8 55. Rxg8 Kd5 56. Ra8 Kd4 57. Ke6 Nc5+ 58.
Kf5 Ne4 59. Rd8+ Ke3 60. Re8 1-0

[Event "Early-Titled-Tuesday-Blitz-June-18-2024"]
[Site "Chess.com"]
[Date "2024.06.18"]
[Round "3"]
[White "SchmakAttack"]
[Black "annazero"]
[Result "1-0"]
[WhiteElo "2819"]
[BlackElo "2528"]
[TimeControl "180+1"]
[EndTime "8:30:55 PDT"]
[Termination "SchmakAttack won by checkmate"]

1. d4 g6 2. Nf3 Bg7 3. g3 d6 4.
Bg2 Nf6 5. O-O O-O 6. a4 Nc6 7.
a5 e5 8. dxe5 dxe5 9. a6 e4 10.
Qxd8 Rxd8 11. Ng5 Nd4 12. Nxe4 Nxe2+ 13. Kh1 Nxe4 14. Bxe4 Nxc1 15. axb7 Bxb7 16. Bxb7 Rab8 17. Bf3 Bxb2 18. Rxa7 c5 19. c4 Nd3 20. Bd5 Ne5 21. Nd2 Rd7 22. Rxd7 Nxd7 23. Ne4 Bd4 24. Nd6 Kf8 25. Nxf7 Nf6 26. Ng5 Nxd5 27. cxd5 Ke7 28. Ne4 Rd8 29. d6+ Ke6 30. Kg2 Kd5 31. f3 g5 32. Nxg5 Rxd6 33. Nxh7 Ra6 34. Ng5 c4 35. Ne4 c3 36. Nxc3+ Bxc3 37. h4 Ke5 38. Kh3 Ra8 39. Rb1 Kf5 40. Rb5+ Kg6 41. f4 Ra1 42. h5+ Kh6 43. Kg4 Rg1 44. Rb6+ Kh7 45. Rb3 Bd4 46. Kf5 Ra1 47. g4 Ra5+ 48. Ke4 Ra4 49. g5 Bc5+ 50. Kf5 Bd6 51. Rb7+ Kg8 52. Rd7 Rxf4+ 53. Kg6 Kh8 54. Rxd6 Rf8 55. h6 Rg8+ 56. Kh5 Ra8 57. g6 Ra5+ 58.
Kg4 Ra4+ 59. Kf5 Ra5+ 60. Ke6 Ra8 61. Ke7 Rg8 62. Rd8 Rxd8 63. Kxd8 Kg8 64. Ke7 Kh8 65.
g7+ Kg8 66. Kf6 Kh7 67. Kf7 Kxh6 68. g8=Q Kh5 69. Qg3 Kh6 70. Qh4# 1-0

[Event "Early-Titled-Tuesday-Blitz-June-18-2024"]
[Site "Chess.com"]
[Date "2024.06.18"]
[Round "3"]
[White "baki83"]
[Black "DvaHrasta"]
[Result "1-0"]
[WhiteElo "2831"]
[BlackElo "2516"]
[TimeControl "180+1"]
[EndTime "8:30:55 PDT"]
[Termination "baki83 won on time"]

1. e4 c6 2. Nf3 d5 3. Nc3 Nf6 4.
e5 Ne4 5. Ne2 Qb6 6. d4 f6 7.
Ng3 Bg4 8. Bd3 fxe5 9. Nxe4 dxe4 10. Bxe4 exd4 11. Qxd4 Bxf3 12. Qxb6 axb6 13. Bxf3 Nd7 14. O-O e5 15. Re1 Bd6 16. Be3 O-O-O 17. a4 Bc5 18. Bg5 Rde8 19. Bh5 g6 20. Bg4 Rhf8 21. Re2 Kc7 22.
Bxd7 Kxd7 23. c3 Rf5 24. Rd1+ Kc7 25. Be3 Ra8 26. b3 Bxe3 27. Rxe3 Rd8 28. Rxd8 Kxd8 29.
Kf1 Kd7 30. Ke2 Kd6 31. Rd3+ Ke7 32. Re3 Kd6 33. Re4 b5 34. axb5 cxb5 35. Rb4 Kc5 36. Rh4 h5 37. Re4 Kd5 38. Re3 Rf8 39. Rg3 Rf6 40.
Rd3+ Kc6 41. Rd8 Kc7 42. Rd5 Rc6 43. Kd3 e4+ 44. Kd2 Rf6 45. Ke3 Rc6 46. Rxb5 Rxc3+ 47. Kxe4 Rc2 48. Ke3 Rc1 49. h4 Rb1 50. Kd3 Rb2 51.
Ke3 Kc6 52. Rg5 Rxb3+ 53. Kf4 Rb4+ 54. Kg3 Rb3+ 55. f3 b5 56. Rxg6+ Kc5 57. Rg5+ Kc4 58. Rxh5 Ra3 59. Rh8 b4 60. Rc8+ Kd3 61. Rb8 Kc3 62. h5 b3 63. f4 b2 64. Rxb2 Kxb2+ 65. Kg4 Kc3 66. h6 Kd4 67. Kf5 1-0

[Event "Early-Titled-Tuesday-Blitz-June-18-2024"]
[Site "Chess.com"]
[Date "2024.06.18"]
[Round "3"]
[White "Pelusiansky"]
[Black "Mops_2004"]
[Result "0-1"]
[WhiteElo "2429"]
[BlackElo "2817"]
[TimeControl "180+1"]
[EndTime "8:30:56 PDT"]
[Termination "Mops_2004 won by checkmate"]

1. c4 e5 2. Nc3 Bb4 3. Nd5 Be7 4. Nf3 d6 5. Nxe7 Nxe7 6. d3 O-O 7. e3 b6 8. Be2 Bb7 9. O-O Nd7 10. b3 h6 11. Bb2 f5 12. d4 e4 13. Ne1 f4 14.
exf4 Rxf4 15. d5 Qf8 16. Nc2 a5 17. Nd4 Nc5 18. Bc1 Rf6 19. Bb2 Rf7 20. Bh5 g6 21. Be2 Kh7 22. a3 Qe8 23. Bg4 Bc8 24.
Ne6 Nf5 25. Bxf5 gxf5 26. Nxc5 bxc5 27. Qd2 Rb8 28. Qc3 f4 29. Rae1 Bf5 30. Bc1 Qe5 31.
Qd2 Rxb3 32. Qxa5 Rg7 33. f3 Bh3 34. Rf2 Qd4 35. Qd2 Qxd2 36. Bxd2 e3 37. Bxe3 fxe3 38. Rfe2 Rxa3 39. g3 Bf5 40. g4 Bg6 41. Rxe3 Rxe3 42. Rxe3 Rf7 43. Kf2 Kg7 44. Kg3 Kf6 45. f4 Re7 46. Rb3 Re4 47. f5 Bf7 48. Rb7 Rxc4 49. Rxc7 Bxd5 50. Rh7 Rc3+ 51. Kh4 c4 52. Rxh6+ Ke5 53.
Rh8 Rf3 54. Re8+ Kd4 55. Kg5 c3 56. Rc8 Bc4 57. Rc6 d5 58. f6 c2 59. Re6 c1=Q+ 60. Kg6 Qc2+ 61. Kg7 Qxh2 62. g5 Qg3 63. g6 Bd3 64. f7 Qf4 65. Re7 Qf6+ 66. Kf8 Qxg6 67. Re4+ Bxe4 68. Ke7 Rxf7+ 69. Kd8 Qg8# 0-1

[Event "Early-Titled-Tuesday-Blitz-June-18-2024"]
[Site "Chess.com"]
[Date "2024.06.18"]
[Round "3"]
[White "EdenDzung06"]
[Black "slidingknight2775"]
[Result "1-0"]
[WhiteElo "2435"]
[BlackElo "2695"]
[TimeControl "180+1"]
[EndTime "8:30:56 PDT"]
[Termination "EdenDzung06 won by checkmate"]

1. d4 Nf6 2. Nf3 e6 3. c4 d5 4. g3 dxc4 5. Bg2 c6 6. O-O b5 7. a4 Bb7 8. b3 cxb3 9. Qxb3 a6 10. Nc3 Be7 11. Ne5 Qc8 12. axb5 cxb5 13. Nxb5 Bxg2 14. Kxg2 O-O 15. Bg5 h6 16. Bxf6 Qb7+ 17. Qf3 Qxf3+ 18. Nxf3 Bxf6 19. Rfc1 a5 20. Ra4 Ra6 21. e4 g5 22.
g4 Nc6 23. d5 exd5 24. exd5 Ne5 25. Nc7 Ra7 26. Nb5 Ra6 27. Nxe5 Bxe5 28. Rc6 Rxc6 29. dxc6 Rc8 30. Na7 Rc7 31. Rxa5 Bc3 32. Ra6 Kg7 33. Nb5 Rc8 34. c7 Be5 35. Rc6 Bf4 36. Kf3 Bxh2 37. Ke4 Bxc7 38. Nxc7 Rb8 39. Nd5 Rb1 40. Ne3 Rg1 41. f3 Re1 42. Rd6 Kf8 43. Rd7 Kg7 44. Ra7 Kg6 45. Kd4 Kg7 46. Ra6 f6 47. Nf5+ Kf7 48. Nxh6+ Kg6 49. Nf5 Kf7 50. Ra7+ Kf8 51. Kd5 Re5+ 52. Kd6 Re1 53. Nd4 Rf1 54. Ke6 Rd1 55. Nf5 Re1+ 56. Kxf6 Ke8 57. Re7+ Rxe7 58.
Nxe7 Kd8 59. Nf5 Kc7 60. Kxg5 Kb6 61. Kf6 Ka5 62. g5 Ka4 63. g6 Kb3 64. g7 Ka2 65.
g8=Q+ Kb1 66. Qc8 Kb2 67. Qc4 Ka1 68. Qb4 Ka2 69. Nd4 Ka1 70. Nb5 Ka2 71. Nc3+ Ka1 72. Qb1# 1-0

[Event "Early-Titled-Tuesday-Blitz-June-18-2024"]
[Site "Chess.com"]
[Date "2024.06.18"]
[Round "3"]
[White "DontMessWithTheFish"]
[Black "ThetNaung291"]
[Result "1-0"]
[WhiteElo "2649"]
[BlackElo "2440"]
[TimeControl "180+1"]
[EndTime "8:30:57 PDT"]
[Termination "DontMessWithTheFish won by resignation"]

1. e4 c5 2. g3 Nc6 3. Bg2 g6 4. Ne2 Bg7 5. O-O d6 6. c3 e5 7. d3 Nge7 8. a3 a5 9. a4 O-O 10. Na3 d5 11. exd5 Nxd5 12. Nb5 Be6 13. f4 exf4 14. Nxf4 Nxf4 15. Bxf4 Bd5 16. Bxd5 Qxd5 17. Nc7 Qd7 18. Nxa8 Rxa8 19. Qf3 h5 20. Rad1 Ne7 21. Be3 Nf5 22. Bxc5 Qxa4 23. Qxb7 Re8 24. Rde1 Rxe1 25. Rxe1 Bf6 26. Qc8+ Kh7 27. Qe8 Qb3 28. Qe2 a4 29. Rf1 Kg7 30. Rf2 Qb5 31. d4 Qb3 32. Qe8 Bg5 33.
Bf8+ Kh7 34. Kg2 Qd5+ 35. Kf1 Qc4+ 36. Qe2 Qc8 37. Bc5 Kg7 38. Qe5+ Bf6 39. Qe4 Bg5 40. Kg2 Ne3+ 41. Kh1 Qh3 42. Bd6 Ng4 43. Rg2 Bf6 44.
Bf4 h4 45. Qe2 hxg3 46. Bxg3 Nh6 47. Be5 Nf5 48. Bxf6+ Kxf6 49. Qf2 Kg7 50. Kg1 Qd3 51. Qe2 Qb1+ 52. Qf1 Qe4 53. Rf2 Qg4+ 54. Qg2 Qd1+ 55. Rf1 Qd3 56. Qf3 Ne3 57. Re1 Nf5 58. Qxd3 1-0

[Event "Early-Titled-Tuesday-Blitz-June-18-2024"]
[Site "Chess.com"]
[Date "2024.06.18"]
[Round "3"]
[White "AnishOnYoutube"]
[Black "DmitryMaximov"]
[Result "1-0"]
[WhiteElo "3062"]
[BlackElo "2775"]
[TimeControl "180+1"]
[EndTime "8:30:59 PDT"]
[Termination "AnishOnYoutube won by resignation"]

1. Nf3 Nf6 2. c4 c5 3. g3 g6 4. Bg2 Bg7 5. Nc3 O-O 6. d4 cxd4 7. Nxd4 Nc6 8. O-O Nxd4 9. Qxd4 d6 10. Qd3 Bf5 11. e4 Be6 12. b3 a6 13. Bd2 Nd7 14. Rac1 Rc8 15. h3 Qb6 16. Nd5 Bxd5 17. exd5 a5 18. h4 Ra8 19. h5 Rfe8 20. h6 Bf6 21. Rfe1 Bd4 22. Be3 Bxe3 23. Rxe3 Ne5 24. Qc3 f6 25. Bh3 Nf7 26. Be6 Kf8 27. Bxf7 Kxf7 28. Rce1 Qc7 29. Rf3 b6 30. g4 g5 31.
Re6 Rf8 32. Rfe3 Rae8 33. Qd3 Kg8 34. Qf5 Rf7 35. Kg2 Ref8 36. R6e4 Kh8 37. a4 Qd8 38.
Re6 Rg8 39. Qe4 Re8 40. f4 gxf4 41. Qxf4 Ref8 42. Qe4 Rg8 43. Rxe7 Qf8 44. Rxf7 Qxf7 45. Qf4 Qg6 46. Re6 Qc2+ 47. Kg3 Qxb3+ 48. Kh4 Qc3 49.
Qxf6+ Qxf6+ 50. Rxf6 Rd8 51. Rf7 Kg8 52. Rg7+ Kh8 53.
Rb7 Kg8 54. Kg5 Rc8 55. Kf6 Rf8+ 56. Ke6 Rd8 57. Rxb6 Rc8 58. Rxd6 Re8+ 59. Kf6 Rf8+ 60. Ke7 Rf7+ 61. Ke6 Rf8 62. Rc6 Re8+ 63. Kf6 Rf8+ 64. Ke7 Rf7+ 65. Ke6 Rf8 66. g5 Re8+ 67. Kf6 Rf8+ 68. Ke7 Rf7+ 69. Ke6 Rf8 70. c5 Kh8 71. d6 Re8+ 72. Kd5 Rd8 73. Rc7 Kg8 74. Rg7+ Kh8 75.
Ra7 Kg8 76. c6 1-0

[Event "Early-Titled-Tuesday-Blitz-June-18-2024"]
[Site "Chess.com"]
[Date "2024.06.18"]
[Round "3"]
[White "AlexanderKing"]
[Black "romulocardoso"]
[Result "0-1"]
[WhiteElo "2519"]
[BlackElo "2328"]
[TimeControl "180+1"]
[EndTime "8:31:00 PDT"]
[Termination "romulocardoso won on time"]

1. e4 c5 2. c3 g6 3. d4 cxd4 4. cxd4 Bg7 5. Nc3 d6 6. Nf3 Nf6 7. h3 O-O 8. Be3 Nc6 9. d5 Ne5 10.
Nd4 Qa5 11. Qd2 a6 12. Be2 Re8 13. O-O b5 14. a3 Bb7 15. Rfc1 Rac8 16. b3 Rxc3 17.
Qxc3 Qxc3 18. Rxc3 Nxe4 19. Rc7 Bxd5 20. Rac1 Nc5 21. b4 Ncd3 22. Bxd3 Nxd3 23. Rc8 Kf8 24.
Rxe8+ Kxe8 25. Rc7 f5 26. Nc6 Bf6 27. Nb8 Kd8 28.
Ra7 Kc8 29. Nd7 Bb2 30. Bb6 Bb7 31. Nf8 Bxa3 32. Ne6 Nxb4 33. Nd8 Nd5 34. Nxb7 Nxb6 35. Nxd6+ Bxd6 36. Rxa6 Nc4 37. Kf1 Kb7 38. Ra1 b4 39. Ke2 b3 40. Kd3 Nb2+ 41. Kc3 Be5+ 42. Kxb3 Nd3 43. Rb1 Nxf2 44. Kc4+ Kc6 45. Re1 Kd6 46. Re2 Ne4 47. Ra2 Bf6 48. Kd3 Ke5 49. Ke3 Bg5+ 50.
Kf3 Nd2+ 51. Ke2 Ke4 52. Ra4+ Ke5 53. g3 Kf6 54. h4 Bh6 55. Kf2 Ne4+ 56. Kf3 Bf8 57.
g4 Nd6 58. Ra6 fxg4+ 59. Kxg4 h5+ 60. Kf4 e5+ 61. Kf3 Kf5 62. Ra8 e4+ 63. Kg3 Bg7 64.
Ra7 Be5+ 65. Kh3 Nc4 66. Rf7+ Bf6 67. Ra7 Ne5 68. Ra3 Kf4 69. Kg2 Bxh4 70. Ra2 g5 71. Ra1 g4 72. Rf1+ Nf3 0-1

[Event "Early-Titled-Tuesday-Blitz-June-18-2024"]
[Site "Chess.com"]
[Date "2024.06.18"]
[Round "3"]
[White "teresin05"]
[Black "mortngabriel"]
[Result "1/2-1/2"]
[WhiteElo "2311"]
[BlackElo "2517"]
[TimeControl "180+1"]
[EndTime "8:31:00 PDT"]
[Termination "Game drawn by repetition"]

1. e4 c5 2. Nf3 a6 3. c4 Nc6 4.
d4 cxd4 5. Nxd4 e5 6. Nc2 Nf6 7.
Nc3 Bc5 8. Bg5 Qb6 9. Qd2 Be7 10.
Bd3 O-O 11. O-O d6 12. Be3 Qc7 13. f3 Be6 14. Rac1 Rac8 15. Nd5 Bxd5 16. cxd5 Nb8 17.
Nd4 Qd7 18. Nf5 Rfe8 19. Qf2 Bf8 20. Qg3 Rxc1 21. Rxc1 Rc8 22. Rxc8 Qxc8 23. Nh6+ Kh8 24. Nxf7+ Kg8 25. Nh6+ Kh8 26. Nf5 Nbd7 27. h3 g6 28. Nh4 Nc5 29. Be2 Be7 30. Kh2 Qd8 31. Bg5 Nh5 32.
Bxe7 Qxe7 33. Qg4 Qf6 34. g3 Kg7 35. Ng2 b5 36. h4 Qf7 37. Qc8 Nf6 38. Qc6 Qe7 39.
Ne3 Nh5 40. Ng4 Nf4 41. Bf1 Nh5 42. b4 Na4 43. Qxa6 Nc3 44. Qc6 Nxa2 45. Qxb5 Nf6 46. Qc4 Nxg4+ 47. fxg4 Qf6 48. Qxa2 Qxf1 49. Qb2 Qb5 50.
g5 h5 51. Kh3 Kf7 52. Kg2 Ke7 53. Kf2 Kd7 54. Kg2 Qd3 55. b5 Qxe4+ 56. Kh2 Qxd5 57.
b6 Qb7 58. Qb5+ Ke6 59. Qc4+ d5 60. Qb5 Kd6 61. Qb4+ Kd7 62. Qb5+ Qc6 63. Qb4 Qc2+ 64. Kh3 Qf5+ 65. Kh2 Qc2+ 66. Kh3 Qf5+ 67. Kh2 Qc2+ 1/2-1/2

[Event "Early-Titled-Tuesday-Blitz-June-18-2024"]
[Site "Chess.com"]
[Date "2024.06.18"]
[Round "3"]
[White "Rutricks"]
[Black "Anton_Demchenko"]
[Result "0-1"]
[WhiteElo "2754"]
[BlackElo "2983"]
[TimeControl "180+1"]
[EndTime "8:31:01 PDT"]
[Termination "Anton_Demchenko won by resignation"]

1. c4 e5 2. Nc3 Nc6 3. g3 Bc5 4. Bg2 d6 5. e3 Bb6 6. a3 Be6 7. Nd5 Nge7 8. b4 O-O 9. Ne2 Qd7 10. h3 f6 11. Qb3 Nd8 12. Bb2 c6 13. Nxb6 axb6 14. Qc2 Nf7 15. d4 d5 16. cxd5 cxd5 17. dxe5 fxe5 18. Qd2 Rad8 19. Rd1 b5 20. Nc1 Nc8 21.
Nd3 Nb6 22. Nxe5 Nxe5 23. Bxe5 Nc4 24. Qd4 Rf5 25. Bf4 g5 26. g4 gxf4 27. gxf5 Bxf5 28. Qxd5+ Qxd5 29. Rxd5 Rf8 30. Rxb5 Kh8 31. Bd5 Nxa3 32. Kd2 Nxb5 33. e4 Bg6 34. Bxb7 Nd6 35. Bd5 Nxe4+ 36.
Ke1 Nf6 37. Bc6 Rd8 38. f3 Rd4 39. b5 Rb4 40. Rh2 Kg7 41. Rd2 Be8 42. Rd8 Kf7 43.
Rc8 Rb2 44. Rc7+ Ke6 45. h4 h6 46. Rc8 Ke7 47. Rc7+ Kd6 48. Rc8 Bd7 49. Rd8 Ke7 50. Rh8 Bxc6 51. bxc6 Rc2 52. Rc8 Kd6 53. Rf8 Nd5 54.
Rd8+ Ke5 55. Re8+ Kd6 56. Rd8+ Kxc6 57. Rc8+ Nc7 58. Rf8 Rc4 59. Rf6+ Kc5 60. Rxh6 Nd5 61. Rh5 Rc2 62. Re5 Kd6 63. Re8 Rh2 64. Rh8 Ke5 65. h5 Nf6 66. h6 Kf5 67. Kf1 Kg6 68. Kg1 Rxh6 69. Ra8 Rh3 70. Kg2 Rg3+ 71. Kf2 Rh3 72. Ra4 Kf5 73. Ra5+ Ke6 74. Ra6+ Ke5 75. Ra8 Rh2+ 76.
Kg1 Rb2 77. Kf1 Nd5 78. Re8+ Kd4 79. Re4+ Kd3 80. Kg1 Re2 81. Ra4 Rd2 82. Kf1 Ke3 83. Ra3+ Rd3 84. Ra2 Kxf3 85. Rf2+ Ke4 86. Re2+ Ne3+ 87.
Kf2 Rd1 88. Ra2 Rf1+ 89. Ke2 f3+ 90. Kd2 Rf2+ 91. Ke1 Rf1+ 92. Kd2 Rd1+ 93. Kc3 Rd3+ 94. Kb4 Rd6 95. Kc5 Rf6 96. Ra4+ Kd3 97. Ra6 Rxa6 98.
Kb5 Rf6 0-1